Map: Hard Lead LE

Players

Fear - Winner!

  • Race: Zerg Zerg
  • Spawn Location: 11:00

Jaywee

  • Race: Terran Terran
  • Spawn Location: 5:00

VOD

Have the link to the VOD?

Description

Time

  • Played on: March 21, 2024, 9:20 p.m.
  • Length: 20:47
Show
View Real Time Build Order
Export as new Build Order

Fear Zerg - Winner!

Build Orders: Pool First 

Get SALT Encoding   

  12  0:00  Drone  
  13  0:13  Drone  
  14  0:18  Overlord  
  14  0:37  Drone x2  
  16  0:43  Spawning Pool  
  16  0:46  Drone  
  16  1:09  Hatchery  
  15  1:11  Drone  
  15  1:18  Extractor, Drone  
  16  1:21  Drone  
  17  1:31  Queen  
  19  1:42  Zergling x2  
  19  1:43  Zergling x2  
  21  1:51  Roach Warren  
  20  1:56  Drone x2  
  22  2:05  Overlord  
  22  2:40  Roach x3  
  28  2:45  Roach  
  28  2:46  Roach  
  32  2:53  Overlord  
  32  3:03  Queen  
  34  3:22  Ravager  
  35  3:42  Drone  
  35  3:43  Drone x8  
  38  4:11  Roach x3  
  44  4:20  Overlord  
  44  4:21  Overlord  
  44  4:37  Ravager  
  40  4:40  Roach  
  40  4:41  Roach x2  
  46  4:46  Extractor  
  46  4:49  Drone x5, Extractor  
  49  4:55  Extractor  
  48  5:40  Ravager  
  42  6:15  Ravager  
  42  6:17  Ravager  
  39  6:49  Metabolic Boost  
  39  6:50  Spawning Pool  
  39  6:52  Drone x5  
  39  6:53  Drone  
  39  6:54  Drone x4  
  46  6:55  Drone x10  
  58  7:07  Drone x2  
  60  7:08  Hatchery  
  60  7:09  Overlord  
  60  7:12  Hatchery  
  55  7:49  Queen  
  57  7:58  Zergling x12  
  63  8:22  Evolution Chamber  
  63  8:24  Evolution Chamber  
  61  8:27  Lair  
  61  8:35  Drone x9, Baneling Nest  
  69  8:44  Drone x3  
  72  8:50  Queen  
  74  9:08  Drone  
  74  9:09  Drone x3  
  78  9:10  Drone x2  
  78  9:13  Extractor  
  78  9:14  Drone  
  78  9:15  Extractor  
  78  9:16  Overlord x6  
  79  9:48  Drone  
  79  9:49  Drone x16  
  96  10:12  Spire  
  95  10:18  Infestation Pit  
  94  10:31  Extractor  
  94  10:32  Extractor  
  94  10:34  Overlord  
  94  10:35  Overlord x18  
  92  11:01  Drone x3  
  95  11:09  Glial Reconstitution  
  95  11:11  Centrifugal Hooks  
  95  11:13  Zerg Melee Weapons Level 1  
  95  11:15  Zerg Ground Armor Level 1  
  95  11:25  Zerg Flyer Armor Level 1  
  95  11:27  Zergling x40  
  95  11:28  Zergling x6  
  118  11:33  Hive  
  118  11:45  Hatchery  
  118  11:46  Hatchery  
  116  11:52  Hatchery x2  
  114  12:01  Zergling x42  
  135  12:15  Corruptor x5  
  90  13:10  Zergling x2  
  90  13:11  Zergling x36  
  107  13:15  Zergling x2  
  107  13:16  Zergling x14  
  107  13:19  Baneling x6  
  113  13:25  Zergling x16  
  113  13:26  Zergling x6  
  116  13:32  Baneling x6  
  116  13:33  Baneling  
  87  13:48  Baneling  
  61  14:10  Zergling x2  
  61  14:11  Zergling x44  
  84  14:27  Hatchery  
  84  14:30  Zergling x20  
  93  14:45  Hatchery  
  89  14:46  Queen  
  89  14:48  Queen  
  93  15:04  Zergling x12  
  93  15:05  Zergling x28  
  113  15:24  Overlord x2  
  113  15:57  Zergling x6  
  113  15:58  Zergling x38  
  121  16:12  Zergling x6  
  121  16:13  Zergling x16  
  132  16:25  Drone x8  
  140  16:36  Drone x6  
  112  17:57  Zergling x30  
  112  17:58  Zergling x26  
  140  18:16  Corruptor  
  140  18:17  Corruptor x9  
  160  19:52  Drone x5  
  165  19:53  Drone x10  
  165  19:54  Drone  
  165  19:56  Drone x2  
  178  20:06  Extractor  
Show
View Real Time Build Order
Export as new Build Order

Jaywee Terran 

Build Orders:  

Get SALT Encoding   

  12  0:01  SCV  
  13  0:13  SCV  
  14  0:20  Supply Depot  
  14  0:25  SCV  
  15  0:35  Refinery  
  15  0:42  SCV  
  16  0:54  SCV  
  17  1:01  Barracks  
  17  1:06  SCV  
  18  1:18  SCV, Supply Depot  
  19  1:30  SCV  
  19  1:31  Engineering Bay  
  20  1:42  SCV, Refinery  
  21  1:52  Supply Depot  
  21  1:54  SCV  
  21  2:00  Marine  
  23  2:06  SCV  
  24  2:18  Marine  
  24  2:19  Bunker  
  25  2:23  SCV  
  26  2:35  SCV  
  26  2:36  Marine  
  28  2:52  Command Center  
  28  2:54  Marine  
  29  3:00  Bunker  
  29  3:12  Marine  
  30  3:28  Orbital Command  
  30  3:29  Marine  
  31  3:40  Bunker  
  31  3:47  Marine  
  31  4:05  Marine  
  28  4:19  SCV  
  28  4:23  Marine  
  30  4:30  Bunker  
  30  4:31  SCV  
  30  4:41  Marine  
  30  4:43  SCV  
  32  4:52  Factory  
  32  4:55  SCV  
  33  5:01  Factory, SCV  
  34  5:07  SCV  
  34  5:11  Supply Depot  
  34  5:13  SCV  
  36  5:16  Bunker  
  36  5:17  Marine  
  36  5:19  SCV  
  38  5:25  SCV  
  39  5:31  SCV  
  39  5:35  Marine  
  40  5:41  Factory Tech Lab  
  40  5:53  Supply Depot, Marine, Armory  
  35  6:05  Siege Tank  
  35  6:08  Hellion  
  35  6:11  Marine  
  39  6:28  Marine  
  39  6:30  Hellion  
  40  6:37  Siege Tank  
  41  6:46  Marine  
  45  6:54  SCV  
  45  7:01  Factory Tech Lab  
  43  7:04  Marine  
  43  7:06  SCV  
  45  7:09  Thor  
  51  7:18  SCV  
  51  7:22  Marine  
  48  7:32  Thor  
  48  7:36  SCV  
  55  7:42  Refinery  
  55  7:47  Refinery  
  55  7:48  SCV  
  56  7:52  Thor  
  62  8:00  SCV, Supply Depot  
  63  8:12  SCV  
  64  8:15  Thor  
  70  8:24  SCV  
  71  8:36  Infernal Pre-Igniter  
  71  8:38  Hurricane Engines  
  71  8:39  Command Center, Factory  
  71  8:40  Thor  
  77  8:47  Supply Depot  
  77  8:54  Supply Depot  
  77  8:58  SCV  
  78  9:10  SCV  
  79  9:35  Factory Tech Lab  
  79  9:38  Thor  
  85  9:46  Supply Depot x2  
  85  9:48  Thor  
  91  9:56  SCV  
  92  10:04  Thor  
  98  10:08  SCV  
  98  10:12  Factory  
  99  10:19  Supply Depot  
  99  10:20  Thor, SCV  
  106  10:22  Supply Depot  
  106  10:24  Terran Ship Weapons Level 1  
  106  10:28  Hi-Sec Auto Tracking  
  106  10:31  Thor  
  106  10:32  SCV  
  113  10:44  SCV  
  114  10:51  Thor  
  114  10:56  Factory Tech Lab, SCV  
  121  11:07  Command Center  
  121  11:08  SCV  
  122  11:20  SCV, Refinery  
  122  11:24  Refinery  
  122  11:25  Thor  
  129  11:33  SCV  
  130  11:42  Refinery  
  130  11:45  SCV  
  131  11:57  SCV, Refinery  
  132  12:12  SCV  
  133  12:18  Terran Vehicle And Ship Armor Level 1  
  133  12:24  SCV  
  134  12:36  SCV  
  131  12:53  Thor x2  
  84  13:53  Thor  
  84  13:56  Thor  
  84  13:57  Thor x2  
  96  14:04  Thor  
  66  14:12  Terran Vehicle Weapons Level 1  
  66  14:16  Command Center  
  65  14:36  Thor  
  71  14:39  Thor  
  71  14:40  Thor x2  
  89  14:48  Terran Infantry Weapons Level 1  
  89  15:14  Command Center  
  89  15:26  SCV  
  90  15:38  SCV  
  91  15:49  Thor  
  97  15:50  SCV  
  98  16:01  Command Center  
  98  16:02  SCV  
  81  16:14  SCV  
  81  16:17  Thor  
  82  16:26  Thor  
  88  16:33  SCV  
  89  16:44  SCV  
  89  16:45  SCV  
  91  16:48  SCV  
  92  16:57  SCV  
  92  17:01  SCV  
  77  17:09  SCV  
  77  17:13  SCV  
  42  17:25  SCV  
  45  17:38  SCV  
  40  17:50  SCV  
  25  18:02  SCV  
  20  18:15  SCV  
  21  18:27  SCV  
  21  18:30  Supply Depot  
  21  18:33  SCV  
  22  18:39  SCV  
  23  18:45  SCV  
  24  18:51  SCV  
  25  18:57  SCV  
  26  19:03  SCV  
  27  19:15  Barracks, SCV  
  28  19:18  Supply Depot  
  28  19:23  Supply Depot  
  28  19:27  SCV  
  28  19:28  Barracks  
  28  19:29  Barracks  
  29  19:34  Supply Depot  
  29  19:36  Supply Depot  
  29  19:39  SCV  
  30  19:51  SCV  
  30  20:03  SCV  
  30  20:06  Supply Depot  
  31  20:09  Marine  
  31  20:13  Bunker  
  32  20:14  Bunker  
  32  20:15  SCV  
  32  20:19  Bunker  
  32  20:20  Marine  
  25  20:26  Bunker  
  25  20:27  Marine  
Tags
 
Matchup
TvZ
Opening
Pool First
Spawn Locations
Cross Positions
Add a new tag
Caveats
  • Supply blocks, unpowered buildings, or Contaminate may cause inaccurate times.
  • Supply counts are checked every 10 seconds.